 BcadrenCrawl: Boulder Brew version 0.06-26-g0ac5091eac (webtiles) character file.

Game seed: 12199953608930526959, levelgen mode: deterministic

203 xeno23 the Vexing (level 5, -3/38 HPs) Immature Draconian Enchanter. Began on July 7, 2022. Slain by a water moccasin (6 damage) ... on level 2 of the Dungeon. The game lasted 00:11:43 (1226 turns).

xeno23 the Vexing (Immature Draconian Enchanter)    Turns: 1226, Time: 00:11:44

Health: -3/38      AC:  6    Str: 15    XL:     5 ^: 89
Magic:  1/9        EV: 12    Int: 15    God:
Gold:   70         SH:  0    Dex: 13    Spells: 3/9 levels left

rFire    . . .     Slash    +   g - +0 hunting sling
rCold    . . .     Pierce   x   k - +0 short sword
rNeg     . . .     Bludgeon .   (armour unavailable)
rCorr    . . .     Vision   .   (helmet restricted)
rPois    .         Gourm    .   (no cloak)
rElec    .         Faith    .   (no gloves)
MR       +....     Spirit   .   (no boots)
HPRegen  0.22/turn Reflect  .   (no amulet)
MPRegen  0.19/turn Harm     .   i - ring of protection from magic
Stlth    ++........             m - ring of strength

@: very slightly contaminated
A: deformed body 2, cold-blooded, draconic flesh, AC +6
a: Breathe Dart


You were on level 2 of the Dungeon.
You were hungry.

You visited 1 branch of the dungeon, and saw 2 of its levels.

You collected 70 gold pieces.

Inventory:

Weapons
 a - a +1 dagger
 g - a +0 hunting sling (weapon)
 k - a +0 short sword (weapon)
Jewellery
 f - a cursed amulet of chaos {(Curse: Slay-6)}
 i - a ring of protection from magic (left hand)
 l - an uncursed ring of resist corrosion
 m - a ring of strength (right hand)
Scrolls
 e - a scroll of bless item
 j - a scroll of teleportation
Potions
 b - a potion of amnesia
 h - a potion of agility
Comestibles
 c - 4 rations
 n - a chunk of flesh


   Skills:
 + Level 2.4 Short Blades
 - Level 1.6 Dodging
 + Level 3.4 Stealth
 - Level 0.1 Unarmed Combat
 - Level 2.8 Spellcasting
 + Level 3.5 Hexes


You had 3 spell levels left.
You knew the following spells:

 Your Spells              Type           Power        Failure   Level  Hunger
a - Ensorcelled Hibernat Hex/Ice 7 (50) 16% 2 38-78 b - Magic Candle Hex/Fire 7 (90) 10% 1 0-18 c - Confuse Hex            12 (100)     14%         3    78-138

Your spell library contained the following spells:

 Spells                   Type           Power        Failure   Level  Hunger
 Tukima's Dance Hex 12 (100) 14% 3 78-138 Blinding Spray Hex/Pois 7 (50) 30% 3 78-138 Fulminant Prism Hex            12 (200)     43%         4    158-258


Dungeon Overview and Level Annotations

Branches:
Dungeon (2/8)

Altars:


Innate Abilities, Weirdness & Mutations

Your plain brown scales are resilient. (AC +6)
You can breathe rudimentary magical darts.
You cannot wear any armour on your peculiar form.
You are cold-blooded and are slowed more easily by cold attacks.
Your scales resist being cut, but it's oddly easy to stick a small blade between them. (rSlashing+, rPiercing-)


Message History

The water moccasin is severely wounded. (10/30) HP The water moccasin barely misses you.
The water moccasin blocks your attack.
The water moccasin is severely wounded. (10/30) HP The water moccasin bites you (3).
You are perforated ruthlessly!
* * * LOW HITPOINT WARNING * * *
You hit the water moccasin but do no damage.
You tail-slap the water moccasin, but do no damage.
The water moccasin is severely wounded. (10/30) HP The water moccasin closely misses you.
The water moccasin barely misses you. The water moccasin blocks your attack.
You tail-slap the water moccasin (1).
The water moccasin is severely wounded. (9/30) HP The water moccasin bites you but does no damage.
You hit the water moccasin (2).
It resists.
You tail-slap the water moccasin (2).
The water moccasin is almost dead. (6/30) HP The water moccasin bites you (2).
You are perforated ruthlessly!
* * * LOW HITPOINT WARNING * * *
The water moccasin bites you (6).
You are perforated ruthlessly!
You die...

..≈≈≈≈. ≈≈..##.#P..≈#..#
#..≈S;w######.≈#..#≈..#
#.≈.≈≈≈}.≈##≈..#≈?#..##
#PP≈≈≈≈#.#####..≈≈##..##
PP≈≈≈≈#w#≈#.#≈.#####≈.#
#≈≈≈≈≈≈#≈..≈...##≈≈#≈.≈#
#≈≈≈≈≈≈##≈#≈#≈##.≈##...#
#≈≈≈≈≈≈####≈###.≈##.≈#≈#
#.≈≈≈≈.≈.#≈S@#.≈##..≈###
#..≈≈.......≈...#≈.###
##.≈≈≈≈.#.≈###..≈##.≈#
≈≈≈≈≈≈≈≈.≈###.≈≈.#≈≈#####
≈#≈≈≈≈≈.....≈≈.#.##...#.#
#≈≈≈≈≈≈≈##..##≈...##....#
##≈≈≈≈≈≈##≈....######...#
#≈≈≈≈≈≈##..≈.≈.#....≈#.#
#≈≈≈≈;≈######.≈#....####


You could see a water moccasin.

Vanquished Creatures
  A big kobold (D:1)
  A jelly (D:2)
  2 giant cockroaches (D:1)
  2 cinder newts (D:1)
  A worm (D:2)
  An ooze (D:1)
  2 dart slugs (D:1)
  A hobgoblin (D:1)
  16 kobolds
  8 bats (D:1)
  3 goblins (D:1)
  6 rats (D:1)
  A withered plant (D:2)
45 creatures vanquished.

Vanquished Creatures (collateral kills)
  A big kobold (D:2)
1 creature vanquished.

Vanquished Creatures (others)
  41 withered plants (D:2)
41 creatures vanquished.

Grand Total: 87 creatures vanquished

Notes
Turn   | Place    | Note
-------+----------+-------------------------------------------
     0 | D:1      | xeno23 the Immature Draconian Enchanter began the quest for
                  | the Orb.
     0 | D:1      | Reached XP level 1. HP: 14/14 MP: 4/4
   126 | D:1      | Reached XP level 2. HP: 12/20 MP: 5/5
   131 | D:1      | Learned a level 2 spell: Ensorcelled Hibernation
   260 | D:1      | Reached skill level 1 in Short Blades
   290 | D:1      | Reached XP level 3. HP: 26/26 MP: 7/7
   478 | D:1      | Reached XP level 4. HP: 33/33 MP: 8/8
   658 | D:2      | Noticed a water moccasin
   684 | D:1      | Reached XP level 5. HP: 14/38 MP: 9/9
   798 | D:2      | Learned a level 3 spell: Confuse
   873 | D:2      | HP: 1/38 [water moccasin (5)]
  1226 | D:2      | Slain by a water moccasin

Levels and vault maps discovered:
D:1:      dpeg_arrival_lava_temple_mockup, layout_rooms
D:2:      layout_sewer, okawaru_trees_2, nicolae_overflow_crystal_walls,
          sewer_minmay_ubend, first_ration, chequers_jeans

Skill      XL: |  1  2  3  4 |
---------------+-------------+-----
Short Blades   | 1 2 |  2.4
Hexes          | 3 |  3.5
Stealth        | 3 |  3.4
Dodging        | |  1.6
Unarmed Combat | |  0.1
Spellcasting   | |  2.8

Action                   |  1- 3 |  4- 6 || total
-------------------------+-------+-------++-------
Melee: Dagger            |    55 |     5 ||    60
       Unarmed           |    41 |       ||    41
       Peck              |     2 |     9 ||    11
       Short sword       |       |    31 ||    31
 Fire: Hunting sling     |    26 |    38 ||    64
 Cast: Magic Candle      |     4 |       ||     4
       Ensorcelled Hiber |       |     1 ||     1
       Confuse           |       |     8 ||     8
  Use: Potion            |       |     2 ||     2
 Stab: Sleeping          |     3 |     1 ||     4
       Confused          |       |     2 ||     2
  Eat: Chunk             |       |     2 ||     2
Armor: Skin              |    20 |     6 ||    26
Dodge: Dodged            |    21 |    18 ||    39
